 Dungeon Crawl Stone Soup version 0.21-a0-221-gfe971b9 (webtiles) character file.

3239 pkoi the Cleaver (level 9, 0/68 HPs)
             Began as a Minotaur Gladiator on Aug 24, 2017.
             Was a Believer of Dithmenos.
             Killed from afar by an orc wizard (4 damage)
             ... with a puff of flame
             ... on level 7 of the Dungeon.
             The game lasted 00:09:55 (6534 turns).

pkoi the Cleaver (Minotaur Gladiator)               Turns: 6534, Time: 00:09:55

Health: 0/68       AC:  4    Str: 23    XL:     9   Next: 67%
Magic:  8/8        EV: 18    Int:  5    God:    Dithmenos [**....]
Gold:   252        SH:  0    Dex: 13    Spells: 8/8 levels left

rFire    + . .     SeeInvis .   a - +1 war axe
rCold    + . .     Gourm    .   (no shield)
rNeg     + . .     Faith    .   B - +2 robe {rN+}
rPois    +         Spirit   .   c - +0 hat
rElec    +         Reflect  .   (no cloak)
rCorr    +         Harm     .   (no gloves)
MR       .....                  (no boots)
Stlth    ++........             (no amulet)
HPRegen  0.21/turn              n - +2 ring of dexterity
MPRegen  0.11/turn              (no ring)

@: resistant, flying, wreathed by umbra
A: retaliatory headbutt, fangs 1, horns 2, poison resistance, wild magic 1
a: Shadow Step, Renounce Religion


You were on level 7 of the Dungeon.
You worshipped Dithmenos.
Dithmenos was pleased with you.
You were not hungry.

You visited 2 branches of the dungeon, and saw 9 of its levels.

You collected 327 gold pieces.
You spent 75 gold pieces at shops.

Inventory:

Hand Weapons
 a - a +1 war axe (weapon)
 b - a +0 shortbow
Missiles
 d - 3 throwing nets (quivered)
 v - 68 arrows
Armour
 c - a +0 hat (worn)
 B - a +2 robe of positive energy (worn)
Jewellery
 n - a +2 ring of dexterity (left hand)
Wands
 o - a wand of iceblast (3/15)
 w - a wand of digging (8/24)
Scrolls
 e - 9 scrolls of identify
 g - a scroll of teleportation
 l - 6 scrolls of fear
 r - 2 scrolls of fog
 s - 5 scrolls of remove curse
 u - a scroll of blinking
 y - a scroll of enchant weapon
 A - a scroll of magic mapping
Potions
 h - a potion of agility
 i - a potion of lignification
 j - 2 potions of haste
 q - a potion of mutation
 x - a potion of flight
 C - a potion of resistance
Comestibles
 f - 6 bread rations
 m - 6 fruits
 p - 2 meat rations
 t - 3 chunks of flesh
 z - 2 royal jellies


   Skills:
 - Level 2.4 Fighting
 + Level 11.2 Axes
 + Level 5.9 Bows
 - Level 2.0 Throwing
 + Level 10.0 Dodging


You had 8 spell levels left.
You didn't know any spells.

Dungeon Overview and Level Annotations

Branches:
Dungeon (8/15)             Temple (1/1) D:4
   Lair: D:8-11

Altars:
Ashenzari
Cheibriados
Dithmenos
Elyvilon
Fedhas
Gozag
Hepliaklqana
Kikubaaqudgha
Makhleb
Nemelex Xobeh
Okawaru
Qazlal
Ru
Sif Muna
Trog
Vehumet
Wu Jian
Xom
Yredelemnul
The Shining One

Shops:
D:4 ?

Annotations:
D:4 Edmund; Robin; hellotanjent's ghost, novice GrFi


Innate Abilities, Weirdness & Mutations

You reflexively headbutt those who attack you in melee.
You have a pair of horns on your head.
You have very sharp teeth.
Your system is resistant to poisons. (rPois)
Your spells are a little harder to cast, but a little more powerful.


Message History

It was a potion of flight.
You feel very buoyant.
You fly up into the air.
Something hits you but does no damage.
You feel better. Something barely misses you.
You hear some strange, mumbled words.
A puff of flame appears from out of thin air!
The puff of flame misses you.
A magic dart appears from out of thin air!
The magic dart hits you!
* * * LOW HITPOINT WARNING * * *
Something hits you but does no damage. Something hits you but does no damage.
You hear some strange, mumbled words.
A puff of frost appears from out of thin air!
The puff of frost hits you! You resist.
* * * LOW HITPOINT WARNING * * *
You hear some strange, mumbled words.
A puff of flame appears from out of thin air!
The puff of flame hits you! You resist.
You die...

.#...............[........#..#...
.#.........p.....).##..#.....#...
.#...............#.##../.........
................)#....#..........
#................................
#......................###....>..
..##.....#.....#.......##........
.......#.####....................
.......#.###..<.@.....####.......
#......................# #..###..
#......................###.## #..
#......##......#.........#.####..
#^.....##.....###..>..##)........
#......##.....# ##...####.......#
#......##..#### ##### ##....<.#
###.###...## #....... #.......###
#.......


You could see a neutral freed slave (wandering).

Vanquished Creatures
  Pikel (D:6)
  Prince Ribbit (D:6)
  Duvessa (D:5)
  A phantom (D:6)
  An orc warrior (D:8)
  A necrophage (D:4)
  2 sky beasts
  2 slaves (D:6)
  A centaur (D:5)
  5 ogres
  A big kobold (D:6)
  4 bullfrogs
  A gnoll sergeant (D:7)
  A scorpion (D:7)
  Dowan (D:5)
  2 howler monkeys
  3 crimson imps
  3 hounds
  A bullfrog skeleton (D:5)
  A centaur skeleton (D:4)
  2 orc wizards
  An iguana (D:6)
  5 orc priests
  Natasha (thrice) (D:2)
  4 worker ants
  A killer bee zombie (D:5)
  A hound zombie (D:6)
  2 hound skeletons
  A howler monkey zombie (D:6)
  8 gnolls
  8 adders
  A shadow imp (D:5)
  An adder skeleton (D:6)
  5 dart slugs
  2 leopard geckos (D:3)
  12 orcs
  5 bats
  4 giant cockroaches
  2 goblins (D:2)
  10 hobgoblins
  8 jackals
  2 quokkas
  A ball python (D:2)
  8 frilled lizards
  9 kobolds
  A quokka zombie (D:5)
  6 rats
147 creatures vanquished.

Notes
Turn   | Place    | Note
-------+----------+-------------------------------------------
     0 | D:1      | pkoi the Minotaur Gladiator began the quest for the Orb.
     0 | D:1      | Reached XP level 1. HP: 18/18 MP: 0/0
   367 | D:1      | Reached skill level 4 in Axes
   393 | D:1      | Reached XP level 2. HP: 25/25 MP: 1/1
   857 | D:2      | Noticed Natasha
   859 | D:2      | Noticed a crimson imp
   863 | D:2      | Killed Natasha
   863 | D:2      | Reached skill level 5 in Axes
   863 | D:2      | Reached XP level 3. HP: 19/30 MP: 2/2
  1160 | D:2      | Noticed Natasha
  1171 | D:2      | Killed Natasha
  1171 | D:2      | Reached XP level 4. HP: 20/37 MP: 3/3
  1819 | D:2      | Noticed Natasha
  1828 | D:2      | Killed Natasha
  2220 | D:3      | Reached XP level 5. HP: 42/42 MP: 4/4
  2552 | D:4      | Found a staircase to the Ecumenical Temple.
  2557 | Temple   | Entered the Ecumenical Temple
  2640 | Temple   | Became a worshipper of Dithmenos the Shadowed
  2661 | D:4      | Noticed hellotanjent's ghost (novice GrFi)
  2714 | D:4      | Noticed an ogre
  2719 | D:4      | Killed an ogre
  2719 | D:4      | Reached skill level 6 in Axes
  2719 | D:4      | Reached skill level 5 in Dodging
  2745 | D:4      | Noticed an ogre
  2759 | D:4      | Killed an ogre
  2759 | D:4      | Reached XP level 6. HP: 34/50 MP: 5/5
  2930 | D:4      | Reached skill level 7 in Axes
  2994 | D:4      | Noticed Robin
  2994 | D:4      | Noticed Edmund
  3026 | D:4      | HP: 1/50 [poisoned by hellotanjent's ghost]
  3277 | D:4      | Found Uciun's Magic Scroll Boutique.
  3291 | D:4      | Bought a scroll of blinking for 75 gold pieces
  3511 | D:5      | Entered Level 5 of the Dungeon
  3582 | D:4      | Reached XP level 7. HP: 46/56 MP: 6/6
  3776 | D:5      | Reached * piety under Dithmenos
  3945 | D:5      | Gained mutation: Your spells are a little harder to cast, but a little more powerful. [potion of mutation]
  3945 | D:5      | Gained mutation: Your system is resistant to poisons. (rPois) [potion of mutation]
  3945 | D:5      | Gained mutation: You have very sharp teeth. [potion of mutation]
  4041 | D:5      | Noticed Dowan
  4046 | D:5      | Noticed Duvessa
  4067 | D:5      | Killed Dowan
  4067 | D:5      | Reached skill level 8 in Axes
  4113 | D:5      | Killed Duvessa
  4148 | D:5      | Reached XP level 8. HP: 28/61 MP: 7/7
  4324 | D:5      | Reached skill level 9 in Axes
  4417 | D:5      | Found a bloodstained altar of Trog.
  4526 | D:5      | Reached skill level 1 in Bows
  4658 | D:5      | Found an iron altar of Okawaru.
  4661 | D:5      | Found a sparkling altar of Nemelex Xobeh.
  4664 | D:5      | Found a shattered altar of Ashenzari.
  4731 | D:6      | Found a basalt altar of Yredelemnul.
  4895 | D:6      | Noticed Prince Ribbit
  4911 | D:6      | Killed Prince Ribbit
  5146 | D:6      | Found a stormy altar of Qazlal.
  5193 | D:6      | Reached skill level 10 in Axes
  5532 | D:6      | Reached ** piety under Dithmenos
  5532 | D:6      | Reached XP level 9. HP: 67/67 MP: 8/8
  5676 | D:7      | Noticed Pikel
  5891 | D:6      | Killed Pikel
  5891 | D:6      | Reached skill level 5 in Bows
  6241 | D:7      | Reached skill level 11 in Axes
  6502 | D:8      | Reached skill level 10 in Dodging
  6520 | D:7      | HP: 2/67 [something (2)]
  6534 | D:7      | Killed from afar by an orc wizard

Vault maps used:
D:1:      dpeg_arrival_simpleton_a, minmay_misc_feat_four_crosses,
          kennysheep_small_spiral, minmay_split_cup_small
D:2:      uniq_natasha
D:4:      temple_hall, serial_shops, nicolae_shop_behind_doors,
          nicolae_shop_crystal, shop, nicolae_ossuary_entry_plus, first_bread,
          uniq_robin, uniq_edmund
D:5:      lightli_temple_of_fire, grunt_temple_overflow_diamond, uniq_duvessa
D:6:      lemuel_crystal_altar, grunt_qazlal_clouds, uniq_prince_ribbit1
D:7:      uniq_pikel
D:8:      gammafunk_corrupted_shrine
Temple:   eino_temple_scatter_basement

Skill      XL: |  1  2  3  4  5  6  7  8  9 |
---------------+----------------------------+-----
Axes           | 4 5 6 7 8 10 11 | 11.2
Dodging        | 4 5 6 7 9 10 | 10.0
Bows           | 4 5 |  5.9
Fighting       | |  2.4
Throwing       | |  2.0

Action                   |  1- 3 |  4- 6 |  7- 9 || total
-------------------------+-------+-------+-------++-------
Melee: War axe           |    60 |    82 |   236 ||   378
       Headbutt          |    12 |    20 |    54 ||    86
       Bite              |       |       |    35 ||    35
 Fire: Shortbow          |       |       |     2 ||     2
  Use: Scroll            |       |     8 |     2 ||    10
       Potion            |       |     2 |     6 ||     8
  Eat: Chunk             |     1 |     7 |     9 ||    17
       Fruit             |       |       |     1 ||     1
Armor: Leather armour    |    13 |     9 |    13 ||    35
       Robe              |       |       |     6 ||     6
Dodge: Dodged            |    54 |    74 |   205 ||   333

Table legend:
 A = Spawn XP
 B = Non-spawn XP
 C = Spawn XP percentage of total XP
 D = Spawn monster count
 E = Non-spawn monster count
 F = Spawn count percentage of total count
 G = Total turns spent on level
                    A         B        C        D         E        F      G
               +---------+---------+-------+---------+---------+-------+---------
         Total |     380 |    4248 |   8.2 |      22 |     123 |  15.2 |  6534
               +---------+---------+-------+---------+---------+-------+---------
           D:1 |       8 |      27 |  22.9 |       5 |      16 |  23.8 |   847
           D:2 |       9 |     138 |   6.1 |       5 |      15 |  25.0 |  1141
           D:3 |       6 |      31 |  16.2 |       2 |      11 |  15.4 |   733
           D:4 |       1 |     641 |   0.2 |       1 |      19 |   5.0 |   940
           D:5 |     122 |     893 |  12.0 |       1 |      20 |   4.8 |   946
           D:6 |      95 |    1528 |   5.9 |       3 |      14 |  17.6 |  1295
           D:7 |     139 |     672 |  17.1 |       5 |      17 |  22.7 |   501
           D:8 |       0 |     318 |   0.0 |       0 |      11 |   0.0 |    28
               +---------+---------+-------+---------+---------+-------+---------
